AoeStats
← kabotajoe

Arabian Desert

509874109Analyzed
1v1 RM · 4d ago on Sep 28, 2026· 28m 0s· 2 players
Game mode
Random Map
Map size
Tiny (2 player)
Population
200
Speed
Normal
Resources
Standard
Victory
Conquest
Starting age
Dark Age
Ending age
Imperial Age
RankedLock teamsTeams togetherTeam positionsShared explorationLock speedFull tech treeHidden civsTurbo modeCheats
Victory
Defeat
🇩🇪 Malay · Germany
985
+14
🇺🇸 Italians · United States
935
-14
Hungryballoon
9:48 Feudal Age
13:00 Horse Collar
13:08 Double-Bit Axe
24:50 Castle Age
23:42 Stone Mining
25:18 Elite Skirmisher
26:04 Thumb Ring
kabotajoe
6:30 Loom
9:24 Feudal Age
9:43 Horse Collar
12:14 Man-at-Arms
15:57 Wheelbarrow
22:50 Castle Age
21:01 Fletching
22:28 Crossbowman
23:36 Bodkin Arrow
26:21 Thumb Ring
Connection lost

Rejoining the realm…

Still unreachable

The connection could not be restored.

Session expired

The server has moved on; the page needs a fresh start.